cohdb
Replays
Latest Replays
All Replays
Popular Replays
Top Player Replays
Match Explorer
How It Works
Community
CoH3 Stats
Reddit
Sign in to upload your games and track your stats! →
Sign in with Steam
Match 23803262
Unlisted
Match 23803262
Overview
Messages
Build Orders
End
Construct Barracks
Riflemen Squad
Riflemen Squad
Riflemen Squad
Riflemen Squad
Infantry Support Center
Selects Advanced Infantry Battlegroup
Selects Convert to Ranger Squad
Convert to Ranger Squad
Construct Medical Station
Selects Frontline Medical Station
Convert to Ranger Squad
Frontline Medical Station
Survival Training
Convert to Ranger Squad
Construct Weapon Support Center
Advanced Logistics
Selects Ranger Weapon Training
Construct Weapon Support Center
Seiun Sky
Blay3r
银魂
有摆子
头文字A_中里毅
....
Lone Duck
AusGap
0
0
Comments
sign in to comment!
No comments posted yet!